 Dungeon Crawl Stone Soup version 0.28.0-53-g5a82cb258f (console) character file.

Game seed: 16911449796287436811

140 Faeu the Skirmisher (level 5, -2/70 HPs)
             Began as a Minotaur Berserker on Aug 7, 2022.
             Was a Believer of Trog.
             Slain by a gnoll
             ... wielding a +0 whip
              (5 damage)
             ... on level 3 of the Dungeon on Sept 8, 2022.
             The game lasted 00:04:41 (2908 turns).

Faeu the Skirmisher (Minotaur Berserker)            Turns: 2908, Time: 00:04:41

Health: -2/70      AC:  5    Str: 24    XL:     5   Next: 2%
Magic:  4/4        EV: 11    Int:  4    God:    Trog [**....]
Gold:   112        SH:  0    Dex:  9    Spells: 4/4 levels left

rFire   . . .      SeeInvis .   a - +0 mace {mace}
rCold   . . .      Faith    .   (no shield)
rNeg    . . .      Spirit   .   p - +0 ring mail
rPois   .          Reflect  .   (helmet restricted)
rElec   .          Harm     .   (no cloak)
rCorr   .          Rampage  .   (no gloves)
Will    .....                   (no boots)
Stlth   ..........              (no amulet)
HPRegen 0.21/turn               (no ring)
MPRegen 0.09/turn               (no ring)

@: berserking, very quick
A: horns 2, retaliatory headbutt
a: Renounce Religion, Berserk, Trog's Hand


You were on level 3 of the Dungeon.
You worshipped Trog.
Trog was pleased with you.
You visited 1 branch of the dungeon, and saw 3 of its levels.

You collected 112 gold pieces.


Innate Abilities, Weirdness & Mutations

You have a pair of horns on your head.
You reflexively headbutt those who attack you in melee.


   Skills:
 + Level 4.7 Fighting
 + Level 4.6 Maces & Flails
 + Level 3.7 Armour
 + Level 3.4 Dodging


You had 4 spell levels left.
You didn't know any spells.
Your spell library contained the following spells:

 Spells                   Type           Power      Damage    Failure   Level
 Ozocubu's Armour         Ice            0%         N/A       95%         3
 Ozocubu's Refrigeration  Ice            0%         4d5       100%        7

Inventory:

Hand Weapons
 a - a +0 mace (weapon) {mace}
 f - a +1 great sword of holy wrath {long}
   (You found it on level 1 of the Dungeon)
 q - a +1 vampiric war axe {axe}
   (You took it off an orc on level 3 of the Dungeon)
Armour
 b - a +0 animal skin
 p - a +0 ring mail (worn)
   (You found it on level 3 of the Dungeon)
Scrolls
 c - 3 scrolls of identify {unknown}
 e - 2 scrolls of enchant armour {unknown}
 h - a scroll of vulnerability {unknown}
 i - 2 scrolls of silence {unknown}
 k - a scroll of summoning {unknown}
 o - a scroll of blinking {unknown}
Potions
 d - 2 potions of invisibility {unknown}
 g - a potion of flight {unknown}
 j - a potion of curing {unknown}
 l - a potion of degeneration {unknown}
 m - 2 potions of brilliance {unknown}
 n - a potion of heal wounds {unknown}

Dungeon Overview and Level Annotations

Branches:
Dungeon (3/15)

Altars:

.....### .#
......#+#.#
.........#
........# .
....... #.
...g.
#.##+###g#g#
#......g@#.#
#........gg#
...≈≈
##......####
#....≈≈≈≈
+......+
#.....P..
###.>....###
#.......#
.........).#
#.......##+#
........##.#
#...........
.........#[#
#...........
.........#.#
#...........
.........#.#
#.........<.
.........#.#
#.......#...


You could see 4 gnolls.


Message History

An adder comes into view. 2 orcs come into view.
An orc is wielding a +1 vampiric war axe.
The orc shouts!
You hear a shout!
The adder bites you but does no damage.
You closely miss the adder. The adder bites you. x2
You are poisoned.
The adder poisons you! 😕 HP[-5]
You take 5 damage, and now have 36/41 hp.
You barely miss the adder.
You feel sick.
The adder bites you but does no damage. 😕 HP[-2]
You take 2 damage, and now have 34/41 hp.
You barely miss the adder.
You feel sick. The adder closely misses you. You furiously retaliate!
You headbutt the adder.
The adder bites you but does no damage. 😕 HP[-1]
You take 1 damage, and now have 33/41 hp.
You barely miss the adder.
You feel sick.
The adder bites you but does no damage. 😕 HP[-1]
You take 1 damage, and now have 32/41 hp.
You miss the adder.
You feel sick.
You are no longer poisoned.
The adder barely misses you. You furiously retaliate!
You headbutt the adder.
You kill the adder!
Trog accepts your kill. 😕 HP[-1]
You take 1 damage, and now have 31/41 hp.
You sock the orc!
You kill the orc!
Trog accepts your kill.
You hit the orc. Your headbutt misses the orc.
The orc hits you with a +0 falchion. 😮 HP[-2]
You take 2 damage, and now have 29/41 hp.
You closely miss the orc. The orc hits you with a +0 falchion.
The orc misses you. 😮 HP[-1]
You take 1 damage, and now have 28/41 hp.
You hit the orc.
You kill the orc!
Trog accepts your kill.
You have reached level 5! 😮 HP[+4] MP[+1]
You now have 47 max hp (+6).
You regained 4 hp, and now have 32/47 hp.
Your mp is fully restored (4).
q - a +1 vampiric war axe {axe}
Things that are here:
a +0 falchion {long}; a +0 ring mail; an orc corpse 🤖 Initializing magus.rc ... ✅ Successfully initialized magus.rc [v1.9.6] Welcome back, Faeu the Minotaur Berserker.
Trog says: Kill them all!
Press ? for a list of commands and other information. 😮 HP[+1]
An orc comes into view. It is wielding a +0 trident.
The orc shouts!
Things that are here:
a +0 ring mail; a +0 falchion {long}; an orc corpse
Okay, then. 😮 HP[+1]
The orc barely misses you.
You sock the orc!
You kill the orc!
Trog accepts your kill.
Things that are here:
a +0 trident {polearm}; an orc corpse 😮 HP[+1] 😕 HP[+1]
You open the door. 3 gnolls come into view.
The gnoll shouts! x3
A gnoll comes into view. It is wielding a +0 whip.
A gnoll breaks down the door.
The gnoll barely misses you.
You hit the gnoll. The gnoll hits you with a +0 whip.
The gnoll hits you but does no damage. x2 😮 HP[-3]
You take 3 damage, and now have 33/47 hp.
You barely miss the gnoll. Your headbutt misses the gnoll.
The gnoll hits you with a +0 whip.
The gnoll hits you from afar with a +0 spear.
The gnoll hits you with a +0 flail.
* * * LOW HITPOINT WARNING * * *
The gnoll hits you with a +0 whip.
* * * LOW HITPOINT WARNING * * *
The gnoll closely misses you. x2; The gnoll hits you with a +0 flail!
* * * LOW HITPOINT WARNING * * *
The gnoll hits you with a +0 whip.
* * * LOW HITPOINT WARNING * * *
😱 HP[-25]
You take 25 damage, and now have 8/47 hp.
MASSIVE DAMAGE!! (PAUSE)
Okay, then.
You are too injured to fight recklessly!
Okay, then.
A red film seems to cover your vision as you go berserk!
You feel yourself moving faster!
You feel mighty! The gnoll closely misses you. x2
The gnoll hits you with a +0 flail!
* * * LOW HITPOINT WARNING * * *
The gnoll barely misses you. 😱 HP[-5]
You now have 70 max hp (+23).
You closely miss the gnoll. The gnoll misses you.
The gnoll hits you with a +0 whip.
You die...

Skill      XL: |  1  2  3 |
---------------+----------+-----
Maces & Flails | 4 |  4.6
Fighting       | 4 |  4.7
Armour         | 3 |  3.7
Dodging        | 3 |  3.4

Action                   |  1- 3 |  4- 6 || total
-------------------------+-------+-------++-------
Melee: Mace              |    90 |    61 ||   151
       Headbutt          |    11 |     5 ||    16
       Punch             |     5 |       ||     5
Invok: Berserk           |     1 |     1 ||     2
 Stab: Sleeping          |     1 |       ||     1
Armor: Animal skin       |    19 |     9 ||    28
       Ring mail         |       |     6 ||     6
Dodge: Dodged            |    60 |    48 ||   108

Levels and vault maps discovered:
D:1:      kb_arrival_jail, layout_basic, basic_ecumenical_altar
D:2:      cheibrodos_greedy_goblins, layout_rooms, minmay_pentomino_w4
D:3:      lemuel_castle_with_subvaults [lemuel_castle_interior_carwin_1],
          layout_basic

Notes
Turn   | Place    | Note
-------+----------+-------------------------------------------
     0 | D:1      | Faeu the Minotaur Berserker began the quest for the Orb.
     0 | D:1      | Reached XP level 1. HP: 19/19 MP: 0/0
     0 | D:1      | magus.rc [v1.9.6]
     2 | D:1      | Noticed a gargoyle
     4 | D:1      | Noticed a formicid
     4 | D:1      | Noticed a vine stalker
     6 | D:1      | Noticed a troll
     8 | D:1      | Noticed a tengu
    10 | D:1      | Noticed a draconian
    12 | D:1      | Noticed a spriggan
    12 | D:1      | Noticed a felid
    14 | D:1      | Noticed an elf
    14 | D:1      | Noticed a naga
    16 | D:1      | Noticed a demigod
    16 | D:1      | Noticed an octopode
    18 | D:1      | Noticed a ghoul
    18 | D:1      | Noticed a human
    20 | D:1      | Noticed a minotaur
    20 | D:1      | Noticed a dwarf
    22 | D:1      | Noticed an ogre
    22 | D:1      | Noticed a vampire
    24 | D:1      | Noticed a merfolk
    24 | D:1      | Noticed a demonspawn
    69 | D:1      | You add the spells Ozocubu's Armour and Ozocubu's
                  | Refrigeration to your library.
   388 | D:1      | Reached XP level 2. HP: 23/27 MP: 1/1
   575 | D:1      | Found a faded altar of an unknown god.
  1164 | D:2      | Reached skill level 4 in Maces & Flails
  1225 | D:2      | Reached skill level 4 in Fighting
  1225 | D:2      | Reached skill level 3 in Armour
  1225 | D:2      | Reached XP level 3. HP: 15/33 MP: 2/2
  1229 | D:2      | HP: 8/33 [poisoned by an adder]
  2002 | D:2      | Reached skill level 3 in Dodging
  2019 | D:2      | Reached XP level 4. HP: 22/41 MP: 3/3
  2153 | D:2      | Reached ** piety under Trog
  2238 | D:2      | magus.rc [v1.9.6]
  2875 | D:3      | Reached XP level 5. HP: 32/47 MP: 4/4
  2877 | D:3      | magus.rc [v1.9.6]
  2906 | D:3      | HP: 10/47 [gnoll/+0 flail (9)]
  2907 | D:3      | HP: 3/70 [gnoll/+0 flail (9)]
  2908 | D:3      | Slain by a gnoll

Vanquished Creatures
  A gnoll (D:3)
  4 adders
  An adder skeleton (D:2)
  2 worms (D:2)
  A dart slug (D:3)
  4 orcs (D:3)
  6 ball pythons
  5 bats
  4 endoplasms
  3 giant cockroaches
  9 goblins
  6 hobgoblins
  11 jackals
  5 kobolds
  2 quokkas
  4 frilled lizards
  5 rats
73 creatures vanquished.

Table legend:
 A = Non-vault XP
 B = Vault XP
 C = Vault XP percentage of total XP
 D = Non-vault monster count
 E = Vault monster count
 F = Vault count percentage of total count
                 A         B        C        D         E       F
            +---------+---------+-------+---------+---------+-------
      Total |     134 |      67 |  33.3 |      51 |      22 |  30.1
            +---------+---------+-------+---------+---------+-------
        D:1 |      23 |       0 |   0.0 |      13 |       0 |   0.0
        D:2 |      42 |      42 |  50.0 |      15 |      16 |  51.6
        D:3 |      69 |      25 |  26.6 |      23 |       6 |  20.7
            +---------+---------+-------+---------+---------+-------

Illustrated notes

Table legend:
 A = Kills in this place as a percentage of kills in entire the game.
 B = Kills by you in this place as a percentage of kills by you in the entire game.
 C = Kills by friends in this place as a percentage of kills by friends in the entire game.
 D = Other kills in this place as a percentage of other kills in the entire game.
 E = Experience gained in this place as a percentage of experience gained in the entire game.
 F = Experience gained in this place divided by the number of levels of this place that you have seen.
                   A       B       C       D       E      F
               +-------+-------+-------+-------+-------+----------------------
         Total | 100.0 | 100.0 |   N/A |   N/A | 100.0 |  67.0
       Dungeon | 100.0 | 100.0 |   N/A |   N/A | 100.0 |  67.0
               +-------+-------+-------+-------+-------+----------------------

Table legend: (Time is in decaauts)
 A = Elapsed time spent in this place.
 B = Non-inter-level travel time spent in this place.
 C = Inter-level travel time spent in this place.
 D = Time resting spent in this place.
 E = Time spent auto-exploring this place.
 F = Levels seen in this place.
 G = Mean time per level.
                   A        B        C        D        E       F      G
               +--------+--------+--------+--------+--------+-----+--------+
         Total |   2940 |   2833 |    107 |    277 |   2017 |   3 |  980.0 |
       Dungeon |   2940 |   2833 |    107 |    277 |   2017 |   3 |  980.0 |
               +--------+--------+--------+--------+--------+-----+--------+

Top non-repeatable levels by time:
     D:2: 1233 daAuts
     D:1: 1065 daAuts
     D:3: 640 daAuts
